Map: Ruins of Seras

Players

wabbajack - Winner!

  • Race: Zerg Zerg
  • League: Bronze

fuar

  • Race: Terran Terran

VOD

Have the link to the VOD?

Description

Time

  • Played on: July 16, 2015, 4:56 p.m.
  • Length: 13:13
Show
View Real Time Build Order
Export as new Build Order

wabbajack Zerg - Winner!

Build Orders: Hatch First 

Get SALT Encoding   

  12  0:01  Drone  
  13  0:14  Overlord  
  13  0:20  Drone  
  14  0:25  Drone, Extractor  
  15  0:33  Drone  
  16  0:51  Hatchery  
  16  0:55  Drone  
  16  0:58  Drone  
  16  1:03  Drone  
  18  1:07  Extractor  
  18  1:09  Drone  
  18  1:26  Spawning Pool  
  18  1:28  Drone  
  18  1:33  Drone  
  19  1:41  Overlord  
  19  1:54  Drone  
  20  2:08  Drone x2  
  22  2:13  Queen x2  
  22  2:15  Metabolic Boost  
  26  2:20  Drone  
  26  2:21  Drone  
  28  2:34  Zergling x2  
  28  2:36  Zergling x2  
  30  2:41  Drone x2  
  30  2:42  Roach Warren  
  31  2:50  Overlord  
  31  2:54  Extractor  
  31  2:58  Pneumatized Carapace  
  30  2:59  Overlord  
  30  3:05  Drone  
  31  3:08  Drone x2  
  33  3:37  Drone  
  33  3:41  Roach x6  
  46  3:52  Roach x2  
  46  3:54  Roach  
  52  3:56  Overlord  
  52  4:04  Baneling Nest  
  51  4:17  Zergling x6  
  54  4:26  Overlord x2  
  54  4:28  Roach  
  54  4:29  Roach x2  
  60  4:38  Overlord x2  
  59  4:45  Spine Crawler  
  59  4:50  Spine Crawler  
  59  4:52  Drone  
  58  4:53  Drone  
  58  4:54  Zergling x8  
  63  5:01  Baneling x2  
  63  5:19  Zergling x8  
  57  6:10  Zergling x6  
  60  6:17  Drone  
  60  6:18  Drone x8  
  66  6:27  Hatchery  
  66  6:31  Hatchery  
  50  6:34  Spore Crawler  
  50  6:36  Spore Crawler x2  
  50  6:39  Spore Crawler  
  44  6:40  Spore Crawler  
  44  6:41  Spore Crawler  
  44  6:43  Lair  
  44  6:45  Queen  
  44  6:53  Baneling x2  
  41  7:52  Hydralisk Den  
  41  7:53  Drone x3, Extractor  
  41  7:54  Drone, Extractor  
  41  7:55  Drone x2  
  41  7:56  Drone x5  
  41  7:57  Drone x4  
  53  8:02  Drone x5  
  53  8:03  Drone  
  53  8:04  Queen  
  61  8:11  Evolution Chamber  
  61  8:12  Evolution Chamber  
  59  8:15  Overseer  
  59  8:25  Hydralisk  
  59  8:26  Hydralisk x4  
  63  8:38  Hydralisk x3  
  54  9:16  Hydralisk  
  54  9:17  Hydralisk x8  
  61  9:36  Hydralisk x2  
  65  9:56  Overlord x3  
  65  9:57  Overlord x3  
  65  9:58  Overlord  
  65  10:04  Overlord  
  65  10:12  Overlord  
  65  10:13  Overlord  
  65  10:28  Muscular Augments  
  54  10:54  Hydralisk  
  54  10:55  Hydralisk x6  
  68  11:19  Spawning Pool  
  67  11:35  Lurker Den  
  67  11:55  Evolution Chamber  
  67  11:56  Drone  
  67  11:57  Drone x5  
  64  12:26  Overseer  
  64  12:30  Spore Crawler x2, Spine Crawler  
  64  12:31  Drone  
  64  12:32  Drone x5  
  67  12:39  Drone x3  
Show
View Real Time Build Order
Export as new Build Order

fuar Terran 

Build Orders: Hellion Banshee 

Get SALT Encoding   

  12  0:01  SCV  
  13  0:20  Supply Depot  
  13  0:22  SCV  
  14  0:34  SCV  
  15  0:46  SCV, Barracks  
  16  0:58  SCV  
  16  1:03  Refinery  
  17  1:09  Supply Depot  
  17  1:10  SCV  
  18  1:23  SCV  
  19  1:35  Marine  
  19  1:37  Orbital Command  
  20  1:58  Command Center  
  20  2:03  SCV  
  20  2:05  Barracks Reactor  
  21  2:15  SCV  
  22  2:26  Factory  
  22  2:29  SCV  
  23  2:41  SCV  
  23  2:44  Supply Depot x2, Marine x2  
  26  2:53  SCV  
  27  3:06  SCV  
  27  3:11  Orbital Command  
  27  3:14  Starport  
  27  3:21  SCV  
  27  3:24  Barracks Reactor  
  27  3:26  Hellion x2  
  32  3:33  SCV  
  33  3:35  Refinery  
  33  3:37  SCV  
  34  3:46  SCV  
  35  3:50  Hellion x2  
  39  3:56  SCV  
  39  4:01  Starport Tech Lab  
  40  4:02  Marine  
  40  4:03  Marine  
  40  4:04  SCV  
  43  4:11  Hellion  
  43  4:12  Hellion, Starport  
  43  4:15  SCV  
  48  4:20  Marine x2  
  50  4:25  Orbital Command  
  50  4:38  Banshee, Hellion x2, Marine x2  
  57  4:42  SCV, Refinery  
  60  4:46  Armory, Refinery  
  60  4:52  Starport Tech Lab  
  60  4:54  SCV  
  60  4:56  Marine  
  62  5:08  SCV, Marine  
  62  5:09  Supply Depot  
  62  5:13  Supply Depot  
  60  5:15  Widow Mine  
  60  5:17  Widow Mine  
  60  5:21  Supply Depot  
  62  5:30  Supply Depot, Banshee  
  62  5:32  Banshee  
  69  5:35  SCV x2  
  59  5:54  SCV  
  35  6:13  Banshee  
  35  6:15  Banshee  
  39  6:18  SCV x2  
  40  6:30  Terran Ship Weapons Level 1  
  40  6:31  SCV x2  
  40  6:43  SCV x2  
  42  6:55  SCV x2, Starport  
  42  7:00  Banshee  
  47  7:14  Banshee  
  50  7:16  Hellion x2  
  50  7:17  SCV x2  
  56  7:23  Supply Depot  
  56  7:29  SCV  
  57  7:30  SCV  
  50  7:42  SCV x2  
  46  7:54  SCV  
  46  7:56  SCV  
  48  8:00  Viking x2  
  48  8:02  Viking  
  48  8:03  Viking  
  56  8:06  SCV  
  56  8:11  SCV  
  58  8:24  Terran Vehicle And Ship Armor Level 1  
  56  8:30  Viking  
  56  8:34  Banshee  
  61  8:35  Viking  
  61  8:38  Viking  
  59  8:51  SCV x2  
  61  9:01  Banshee  
  64  9:03  SCV x2  
  57  9:18  Banshee  
  57  9:20  Viking  
  53  9:44  Banshee  
  53  9:46  SCV x2  
  50  9:58  SCV x2  
  52  10:01  Banshee  
  55  10:10  SCV x2  
  57  10:26  Cloaking Field  
  54  10:33  Fusion Core  
  51  10:37  Banshee  
  46  10:54  SCV x2  
  48  11:00  Command Center  
  46  11:07  Banshee  
  46  11:09  Viking  
  46  11:10  Viking  
  46  11:11  SCV x2  
  55  11:26  Hyperflight Rotors  
  55  11:28  SCV x2  
  55  11:29  Banshee  
  60  11:40  SCV x2  
  62  11:47  Starport  
  62  11:51  Starport  
  62  11:52  Banshee, Hellion  
  69  11:54  Hellion  
  69  11:55  Viking  
  69  11:57  SCV x2  
  73  12:08  Armory  
  67  12:09  SCV x2  
  52  12:26  Starport Tech Lab  
  52  12:27  Banshee  
  52  12:29  Viking  
Tags
 
Add a new tag
Caveats
  • Supply blocks, unpowered buildings, or Contaminate may cause inaccurate times.
  • Supply counts are checked every 10 seconds.